 Dungeon Crawl Stone Soup version 0.26.1-11-gd32895ea62 (webtiles) character file.

Game seed: 3953593474163893302

221 Zeld the Cudgeller (level 5, 7/45 HPs)
             Began as a Draconian Gladiator on June 12, 2021.
             Quit the game on level 4 of the Dungeon.
             The game lasted 00:03:27 (3171 turns).

Zeld the Cudgeller (Draconian Gladiator)            Turns: 3171, Time: 00:03:28

Health: 7/45       AC:  2    Str: 17    XL:     5   Next: 65%
Magic:  5/5        EV: 13    Int:  8    God:
Gold:   173        SH:  0    Dex: 13    Spells: 4/4 levels left

rFire    . . .     SeeInvis .   a - +0 flail
rCold    . . .     Faith    .   (no shield)
rNeg     . . .     Spirit   .   (armour unavailable)
rPois    .         Reflect  .   b - +0 hat
rElec    .         Harm     .   k - +0 cloak
rCorr    .         Rampage  .   (no gloves)
Will     .....     Rnd*Tele +   (no boots)
Stlth    +.........             (no amulet)
HPRegen  0.15/turn              n - -4 ring of protection (curse)
MPRegen  0.09/turn              s - ring of teleportation (curse)

@: lethally poisoned (7 -> -2)
A: unfitting armour, cold-blooded, AC +5
a: no special abilities


You were on level 4 of the Dungeon.
You visited 1 branch of the dungeon, and saw 4 of its levels.

You collected 173 gold pieces.

Inventory:

Hand Weapons
 a - a +0 flail (weapon)
Missiles
 c - 3 throwing nets (quivered)
 q - 32 stones
Armour
 b - a +0 hat (worn)
 k - a +0 cloak (worn)
Jewellery
 n - a cursed -4 ring of protection (left hand)
 s - a cursed ring of teleportation (right hand)
Wands
 t - a wand of acid (10)
 u - a wand of disintegration (8)
Scrolls
 d - a scroll of fog {unknown}
 i - a scroll of magic mapping
 l - 2 scrolls of remove curse {unknown}
 p - a scroll of blinking {unknown}
 v - a scroll of fear {unknown}
 x - a scroll of noise {unknown}
 y - a scroll of enchant armour {unknown}
Potions
 g - 3 potions of curing
 h - a potion of cancellation
 m - 2 potions of haste {unknown}
 r - a potion of ambrosia {unknown}
 w - a potion of might {unknown}


   Skills:
 + Level 3.4 Fighting
 * Level 4.4 Maces & Flails
 * Level 3.3 Throwing
 + Level 3.3 Dodging


You had 4 spell levels left.
You didn't know any spells.
Your spell library was empty.

Dungeon Overview and Level Annotations

Branches:
Dungeon (4/15)
 Temple: D:4-7

Altars:
Qazlal
Trog

Portals:
Abyss: D:3

Annotations:
D:3 2 transporters, oc3rt's ghost, amateur DsMo


Innate Abilities, Weirdness & Mutations

Your plain brown scales are hard. (AC +5)
You cannot fit into any form of body armour.
You are cold-blooded and may be slowed by cold attacks.


Message History

The worker ant is severely wounded.
You feel sick. The hound skeleton bites you.
* * * LOW HITPOINT WARNING * * *
The worker ant bites you.
* * * LOW HITPOINT WARNING * * *
You are lethally poisoned!
The worker ant poisons you! The giant cockroach misses you.
The hound skeleton bites you.
* * * LOW HITPOINT WARNING * * *
The worker ant barely misses you.
* * * LOW HITPOINT WARNING * * *
You feel sick.
The worker ant waves its antennae.
* * * LOW HITPOINT WARNING * * *
You feel sick.
The hound skeleton bites you but does no damage.
The giant cockroach misses you.
Unknown command.
Unknown command.
Are you sure you want to abandon this character and quit the game? (Confirm with "yes".)

# #...........
(...... ...... ..#
. ......##....##..#
..
.....#.#...##...#
...
.....#..........#
....
...............###
...B. #...........
...##
......##.#..Z..#
....
............B@# #..
........##..B...)#
#..####.
#...............##
#..!.<..
..........##....#
#...[...
#......#......#...
##..#...
.............##.#..
#..####
..##.......#.#
.#.## ....# .#
........... .# #
#.#... #..#..


You could see a worker ant, a giant cockroach and a hound skeleton.

Vanquished Creatures
  A scorpion (D:4)
  A hound (D:4)
  A jelly (D:3)
  2 adders
  An adder skeleton (D:4)
  2 worms
  A dart slug (D:3)
  7 leopard geckos
  An orc (D:4)
  A giant cockroach (D:1)
  11 goblins
  9 hobgoblins
  A jackal (D:1)
  8 kobolds
  2 quokkas
  8 bats
  7 frilled lizards
  9 rats
73 creatures vanquished.

Notes
Turn   | Place    | Note
-------+----------+-------------------------------------------
     0 | D:1      | Zeld the Draconian Gladiator began the quest for the Orb.
     0 | D:1      | Reached XP level 1. HP: 17/17 MP: 1/1
   229 | D:1      | Reached XP level 2. HP: 17/25 MP: 2/2
  1061 | D:1      | Reached XP level 3. HP: 29/30 MP: 3/3
  1830 | D:2      | Reached XP level 4. HP: 36/37 MP: 4/4
  2168 | D:3      | Found a transporter.
  2173 | D:3      | Found a one-way gate to the infinite horrors of the Abyss.
  2173 | D:3      | Noticed oc3rt's ghost (amateur DsMo)
  2198 | D:3      | Found a transporter.
  2310 | D:3      | Reached skill level 4 in Maces & Flails
  2370 | D:3      | Found a stormy altar of Qazlal.
  2781 | D:3      | Found a bloodstained altar of Trog.
  3003 | D:4      | Reached XP level 5. HP: 38/45 MP: 5/5
  3171 | D:4      | Quit the game

Illustrated notes

Levels and vault maps discovered:
D:1:      noname_arrival_rooms_in_the_neighbourhood, layout_basic,
          minmay_pentomino_t4
D:2:      layout_basic, minmay_misc_feat_ornament
D:3:      layout_rooms, lemuel_round_altar, gammafunk_ghost_abyssal_escape,
          chequers_serial_rivers_room_b, nicolae_qazlal_general_emergency
D:4:      layout_cave_pools, minmay_temple_entry_antechambers

Skill      XL: |  1  2  3  4 |
---------------+-------------+-----
Throwing       | 2 3 |  3.3
Dodging        | 3 |  3.3
Fighting       | 3 |  3.4
Maces & Flails | 4 |  4.4

Action                   |  1- 3 |  4- 6 || total
-------------------------+-------+-------++-------
Melee: Flail             |   124 |    81 ||   205
       Tailslap          |    15 |     8 ||    23
  Use: Scroll            |       |     5 ||     5
 Stab: Sleeping          |     2 |       ||     2
       Distracted        |       |     1 ||     1
Armor: Skin              |    37 |    26 ||    63
Dodge: Dodged            |   114 |    62 ||   176
